Workbook
Name аааааппппппрррппппппп: #REF!
Name аараооооооооооооо: #REF!
Name автом: #REF!
Name алшрльоплварл: #REF!
Name аолвлддддддддддддддддввввввввв: #REF!
Name апарв: #REF!
Name апрлдджаоырыфрпопрлпрлпрлп: #REF!
Name арлггаджаш: #REF!
Name ароррбллтблпроорапииас: #REF!
Name арррррблллпдрлдддддддддд: #REF!
Name варпаааааааааа: #REF!
Name ввпьььььлднд: #REF!
Name вед: #REF!
Name вертикальная: #REF!
Name вертикплан: #REF!
Name волен: #REF!
Name вп: #REF!
Name впырпфдыпл: #REF!
Name впьглорьтитттттттттт: #REF!
Name всввввввввввввввввввввввввв: #REF!
Name выб: #REF!
Name выпуск: #REF!
Name выьлепвввввпмп: #REF!
Name еваопродолжэрщэрзшщщх: #REF!
Name измен: #REF!
Name итого: #REF!
Name итого_сантех: #REF!
Name итого_стр: #REF!
Name итого_строит: #REF!
Name итого_технол: #REF!
Name итого_электр: #REF!
Name квота: #REF!
Name кккккккккк: #REF!
Name корек: #REF!
Name корект: #REF!
Name корректир: #REF!
Name лен: #REF!
Name лот: #REF!
Name мамиааааааааааааааааааааааааааааа: #REF!
Name ммпоослччччччччччрччапппппппппр: #REF!
Name мрол: #REF!
Name оз: #REF!
Name озелен: #REF!
Name озеленение: #REF!
Name озеленение2: #REF!
Name ОСР: #REF!
Name ОСР110: #REF!
Name ОСР111: #REF!
Name план: #REF!
Name планировка: #REF!
Name плдщхэж.юрббдлююбо: #REF!
Name площадки: #REF!
Name пос: #REF!
Name прав: #REF!
Name прлппппппппппппппрррррррр: #REF!
Name провбп: #REF!
Name проект: #REF!
Name пропппп: #REF!
Name рпоолллллбрюююююююююююю: #REF!
Name сааповвыыыыыеееееггггггггг: #REF!

Sheet 7134
A1: СОГЛАСОВАНО: | M1: УТВЕРЖДАЮ:
A4: _________________ | M4: _________________
A5: " _____ " ________________ 2015 г. | M5: "______ " _______________2015 г.
I6: ФГУП "Комбинат "Электрохимприбор"
G7: (наименование стройки)
G9: ЛОКАЛЬНЫЙ СМЕТНЫЙ РАСЧЕТ № 7134 (взамен сметы № 6993)
G10: (локальная смета)
C12: на | D12: строительно-монтажные работы по объекту "Инженерно-техническое обустройство заболоченного участка
D13: для очистки сточных вод выпуска В-10б и пойменного участка ручья Мельничного."
G14: (наименование работ и затрат, наименование объекта)
D16: Основание: тех.проект инв.№ 28/062 от 25.03.2011г., тех. решение от 09.02.2015 № 072-15/338
D17: Сметная стоимость строительных работ _______________________________________________________________________________________________ | J17: ___________________________293,063 | L17: тыс. руб.
D18: Средства на оплату труда _______________________________________________________________________________________________ | J18: ___________________________30,459 | L18: тыс. руб.
D19: Сметная трудоемкость _______________________________________________________________________________________________ | J19: _______________________________________________________________________________________________2012,87 | L19: чел.час
D20: Составлен(а) в базовых ценах 2001г. (в редакции 2009г.)
A23: № пп | B23: Обосно- вание | C23: Наименование | D23: Ед. изм. | E23: Кол. | F23: Стоимость единицы, руб. | J23: Общая стоимость, руб. | O23: Т/з осн. раб.на ед. | P23: Т/з осн. раб. Всего | Q23: Общая масса обору-дования, т
F24: Всего | G24: В том числе | J24: Обору- дование | K24: Всего | L24: В том числе
G25: Осн.З/п | H25: Эк.Маш | I25: З/пМех | L25: Осн.З/п | M25: Эк.Маш | N25: З/пМех
A26: 1 | B26: 2 | C26: 3 | D26: 4 | E26: 5 | F26: 6 | G26: 7 | H26: 8 | I26: 9 | J26: 10 | K26: 11 | L26: 12 | M26: 13 | N26: 14 | O26: 15 | P26: 16 | Q26: 17
A27: Раздел 1. Валка леса
A28: 1 | B28: ТЕР01-02-099-02 | C28: Валка деревьев мягких пород с корня, диаметр стволов до 20 см НР (97 руб.): 80% от ФОТ СП (54 руб.): 45% от ФОТ | D28: 100 деревьев | E28: 1,34 134/100 | F28: 100.36 | G28: 86.39 | H28: 13.97 | K28: 134 | L28: 116 | M28: 18 | O28: 6.52 | P28: 8.74
A29: 2 | B29: ТЕР01-02-099-05 | C29: Валка деревьев мягких пород с корня, диаметр стволов до 32 см НР (84 руб.): 80% от ФОТ СП (47 руб.): 45% от ФОТ | D29: 100 деревьев | E29: 0,57 57/100 | F29: 207.62 | G29: 177.55 | H29: 30.07 | K29: 118 | L29: 101 | M29: 17 | O29: 13.4 | P29: 7.64
A30: 3 | B30: ТЕР01-02-099-06 | C30: Валка деревьев мягких пород с корня, диаметр стволов более 32 см НР (4 руб.): 80% от ФОТ СП (2 руб.): 45% от ФОТ | D30: 100 деревьев | E30: 0,02 2/100 | F30: 315.62 | G30: 271.63 | H30: 43.99 | K30: 6 | L30: 5 | M30: 1 | O30: 20.5 | P30: 0.41
A31: 4 | B31: ТЕР01-02-100-04 | C31: Трелевка древесины на расстояние до 300 м тракторами мощностью 79 кВт (108 л.с.), диаметр стволов до 20 см НР (165 руб.): 80% от ФОТ СП (93 руб.): 45% от ФОТ | D31: 100 хлыстов | E31: 1,34 134/100 | F31: 502.9 | G31: 78.14 | H31: 424.76 | I31: 68.7 | K31: 674 | L31: 105 | M31: 569 | N31: 92 | O31: 7.11 | P31: 9.53
A32: 5 | B32: ТЕР01-02-100-10 | C32: При трелевке на каждые последующие 100 м добавлять к расценке 01-02-100-04 (Трелевка на расстояние до 1 км ПЗ=7 (ОЗП=7; ЭМ=7 к расх.; ЗПМ=7; МАТ=7 к расх.; ТЗ=7; ТЗМ=7)) НР (256 руб.): 80% от ФОТ СП (144 руб.): 45% от ФОТ | D32: 100 хлыстов | E32: 1.34 | F32: 787.92 | G32: 121.52 | H32: 666.4 | I32: 107.8 | K32: 1056 | L32: 163 | M32: 893 | N32: 144 | O32: 11.06 | P32: 14.82
A33: 6 | B33: ТЕР01-02-100-05 | C33: Трелевка древесины на расстояние до 300 м тракторами мощностью 79 кВт (108 л.с.), диаметр стволов до 30 см НР (122 руб.): 80% от ФОТ СП (68 руб.): 45% от ФОТ | D33: 100 хлыстов | E33: 0,57 57/100 | F33: 877.32 | G33: 136.61 | H33: 740.71 | I33: 119.79 | K33: 500 | L33: 78 | M33: 422 | N33: 68 | O33: 12.43 | P33: 7.09
A34: 7 | B34: ТЕР01-02-100-11 | C34: При трелевке на каждые последующие 100 м добавлять к расценке 01-02-100-05 (Трелевка на расстояние до 1 км ПЗ=7 (ОЗП=7; ЭМ=7 к расх.; ЗПМ=7; МАТ=7 к расх.; ТЗ=7; ТЗМ=7)) НР (254 руб.): 80% от ФОТ СП (143 руб.): 45% от ФОТ | D34: 100 хлыстов | E34: 0.57 | F34: 1829.87 | G34: 284.62 | H34: 1545.25 | I34: 249.9 | K34: 1043 | L34: 162 | M34: 881 | N34: 142 | O34: 25.9 | P34: 14.76
A35: 8 | B35: ТЕР01-02-100-06 | C35: Трелевка древесины на расстояние до 300 м тракторами мощностью 79 кВт (108 л.с.), диаметр стволов свыше 30 см НР (6 руб.): 80% от ФОТ СП (4 руб.): 45% от ФОТ | D35: 100 хлыстов | E35: 0,02 2/100 | F35: 1429.59 | G35: 221.23 | H35: 1208.36 | I35: 195.43 | K35: 29 | L35: 4 | M35: 25 | N35: 4 | O35: 20.13 | P35: 0.4
A36: 9 | B36: ТЕР01-02-100-12 | C36: При трелевке на каждые последующие 100 м добавлять к расценке 01-02-100-06 (Трелевка на расстояние до 1 км ПЗ=7 (ОЗП=7; ЭМ=7 к расх.; ЗПМ=7; МАТ=7 к расх.; ТЗ=7; ТЗМ=7)) НР (12 руб.): 80% от ФОТ СП (7 руб.): 45% от ФОТ | D36: 100 хлыстов | E36: 0.02 | F36: 2556.61 | G36: 396.2 | H36: 2160.41 | I36: 349.37 | K36: 51 | L36: 8 | M36: 43 | N36: 7 | O36: 36.05 | P36: 0.72
A37: 10 | B37: ТЕР01-02-105-01 | C37: Корчевка пней в грунтах естественного залегания корчевателями-собирателями на тракторе мощностью 79 кВт (108 л.с.) с перемещением пней до 5 м, диаметр пней до 24 см НР (40 руб.): 80% от ФОТ СП (23 руб.): 45% от ФОТ | D37: 100 пней | E37: 1,34 134/100 | F37: 265.91 | H37: 265.91 | I37: 35.67 | K37: 356 | M37: 356 | N37: 48
A38: 11 | B38: ТЕР01-02-105-04 | C38: При перемещении пней на каждые последующие 10 м добавлять к расценке 01-02-105-01 (Перемещение пней на расстояние до 1 км ПЗ=99,5 (ОЗП=99,5; ЭМ=99,5 к расх.; ЗПМ=99,5; МАТ=99,5 к расх.; ТЗ=99,5; ТЗМ=99,5)) НР (521 руб.): 80% от ФОТ СП (293 руб.): 45% от ФОТ | D38: 100 пней | E38: 1.34 | F38: 3469.57 | H38: 3469.57 | I38: 465.66 | K38: 4649 | M38: 4649 | N38: 624
A39: 12 | B39: ТЕР01-02-105-02 | C39: Корчевка пней в грунтах естественного залегания корчевателями-собирателями на тракторе мощностью 79 кВт (108 л.с.) с перемещением пней до 5 м, диаметр пней до 32 см НР (30 руб.): 80% от ФОТ СП (17 руб.): 45% от ФОТ | D39: 100 пней | E39: 0,57 57/100 | F39: 451.18 | H39: 451.18 | I39: 60.53 | K39: 257 | M39: 257 | N39: 35
A40: 13 | B40: ТЕР01-02-105-05 | C40: При перемещении пней на каждые последующие 10 м добавлять к расценке 01-02-105-02 (Перемещение пней на расстояние до 1 км ПЗ=99,5 (ОЗП=99,5; ЭМ=99,5 к расх.; ЗПМ=99,5; МАТ=99,5 к расх.; ТЗ=99,5; ТЗМ=99,5)) НР (429 руб.): 80% от ФОТ СП (241 руб.): 45% от ФОТ | D40: 100 пней | E40: 0.57 | F40: 6723.22 | H40: 6723.22 | I40: 901.47 | K40: 3832 | M40: 3832 | N40: 514
A41: 14 | B41: ТЕР01-02-105-03 | C41: Корчевка пней в грунтах естественного залегания корчевателями-собирателями на тракторе мощностью 79 кВт (108 л.с.) с перемещением пней до 5 м, диаметр пней свыше 32 см НР (2 руб.): 80% от ФОТ СП (1 руб.): 45% от ФОТ | D41: 100 пней | E41: 0,02 2/100 | F41: 731.26 | H41: 731.26 | I41: 98.1 | K41: 15 | M41: 15 | N41: 2
A42: 15 | B42: ТЕР01-02-105-06 | C42: При перемещении пней на каждые последующие 10 м добавлять к расценке 01-02-105-03 (Перемещение пней на расстояние до 1 км ПЗ=99,5 (ОЗП=99,5; ЭМ=99,5 к расх.; ЗПМ=99,5; МАТ=99,5 к расх.; ТЗ=99,5; ТЗМ=99,5)) НР (28 руб.): 80% от ФОТ СП (16 руб.): 45% от ФОТ | D42: 100 пней | E42: 0.02 | F42: 12687.25 | H42: 12687.25 | I42: 1702.45 | K42: 254 | M42: 254 | N42: 34
A43: 16 | B43: ТЕР01-02-112-01 | C43: Срезка кустарника и мелколесья в грунтах естественного залегания кусторезами на тракторе мощностью 79 кВт (108 л.с.), кустарник и мелколесье густые НР (6 руб.): 80% от ФОТ СП (4 руб.): 45% от ФОТ | D43: 1 га | E43: 0,1092 1820*60%/10000 | F43: 454.65 | H43: 454.65 | I43: 75.71 | K43: 50 | M43: 50 | N43: 8
A44: 17 | B44: ТЕР01-02-119-03 | C44: Расчистка площадей от кустарника и мелколесья вручную при густой поросли НР (661 руб.): 80% от ФОТ СП (372 руб.): 45% от ФОТ | D44: 100 м2 | E44: 7,28 1820*40%/100 | F44: 108.81 | G44: 108.81 | K44: 792 | L44: 792 | O44: 9.06 | P44: 65.96
A45: 18 | B45: ТЕР01-02-117-01 | C45: Сгребание срезанного или выкорчеванного кустарника и мелколесья корчевателями-собирателями на тракторе мощностью 79 кВт (108 л.с.) с перемещением до 20 м, кустарник и мелколесье густые НР (18 руб.): 80% от ФОТ СП (10 руб.): 45% от ФОТ | D45: 1 га | E45: 0,182 1820/10000 | F45: 877.29 | H45: 877.29 | I45: 117.69 | K45: 160 | M45: 160 | N45: 21
A46: 19 | B46: ТЕР01-02-117-04 | C46: При перемещении на каждые последующие 10 м добавлять к расценке 01-02-117-01 (Сгребание на расстояние до 1 км ПЗ=98 (ОЗП=98; ЭМ=98 к расх.; ЗПМ=98; МАТ=98 к расх.; ТЗ=98; ТЗМ=98)) НР (296 руб.): 80% от ФОТ СП (167 руб.): 45% от ФОТ | D46: 1 га | E46: 0.182 | F46: 14524.58 | H46: 14524.58 | I46: 1948.24 | K46: 2643 | M46: 2643 | N46: 355
A47: 20 | B47: ТЕР01-02-107-01 | C47: Засыпка ям подкоренных бульдозерами мощностью 79 кВт (108 л.с.) НР (63 руб.): 80% от ФОТ СП (36 руб.): 45% от ФОТ | D47: 100 ям | E47: 1,93 193/100 | F47: 248.47 | H47: 248.47 | I47: 39.42 | K47: 480 | M47: 480 | N47: 76
A48: 21 | B48: ФССЦпг01-01-01-007 | C48: Погрузочные работы при автомобильных перевозках: леса круглого (ОП п.1.1.9 Поясной коэффициент: Свердловская область ПЗ=1,1 (ОЗП=1,1; ЭМ=1,1 к расх.; ЗПМ=1,1; МАТ=1,1 к расх.; ТЗ=1,1; ТЗМ=1,1)) НР 0% от ФОТ СП 0% от ФОТ | D48: 1 т груза | E48: 31 | F48: 13.33 | H48: 13.33 | K48: 413 | M48: 413
A49: 22 | B49: ФССЦпг03-01-01-010 | C49: Перевозка бетонных и ж/б изделий, стеновых и перегородочных материалов (кирпич, блоки, камни, плиты и панели), лесоматериалов круглых и пиломатериалов автомобилями бортовыми грузоподъемностью до 15 т, на расстояние до 10 км I класс груза (ОП п.1.1.9 Поясной коэффициент: Свердловская область ПЗ=1,1 (ОЗП=1,1; ЭМ=1,1 к расх.; ЗПМ=1,1; МАТ=1,1 к расх.; ТЗ=1,1; ТЗМ=1,1)) НР 0% от ФОТ СП 0% от ФОТ | D49: 1 т груза | E49: 31 | F49: 13.92 | H49: 13.92 | K49: 432 | M49: 432
A50: 23 | B50: ФССЦпг01-01-02-007 | C50: Разгрузочные работы при автомобильных перевозках: леса круглого (ОП п.1.1.9 Поясной коэффициент: Свердловская область ПЗ=1,1 (ОЗП=1,1; ЭМ=1,1 к расх.; ЗПМ=1,1; МАТ=1,1 к расх.; ТЗ=1,1; ТЗМ=1,1)) НР 0% от ФОТ СП 0% от ФОТ | D50: 1 т груза | E50: 31 | F50: 13.33 | H50: 13.33 | K50: 413 | M50: 413
A51: 24 | B51: ФССЦпг01-01-01-045 прим. | C51: Погрузочные работы при автомобильных перевозках: пни и порубочные остатки древесно-кустарниковой растительности (с использованием погрузчика) (ОП п.1.1.9 Поясной коэффициент: Свердловская область ПЗ=1,1 (ОЗП=1,1; ЭМ=1,1 к расх.; ЗПМ=1,1; МАТ=1,1 к расх.; ТЗ=1,1; ТЗМ=1,1)) НР 0% от ФОТ СП 0% от ФОТ | D51: 1 т груза | E51: 12 | F51: 19.75 | H51: 19.75 | K51: 237 | M51: 237
A52: 25 | B52: ФССЦпг03-21-01-047 | C52: Перевозка грузов автомобилями-самосвалами грузоподъемностью 10 т, работающих вне карьера, на расстояние: до 47 км I класс груза (ОП п.1.1.9 Поясной коэффициент: Свердловская область ПЗ=1,1 (ОЗП=1,1; ЭМ=1,1 к расх.; ЗПМ=1,1; МАТ=1,1 к расх.; ТЗ=1,1; ТЗМ=1,1)) НР 0% от ФОТ СП 0% от ФОТ | D52: 1 т груза | E52: 12 | F52: 28.58 | H52: 28.58 | K52: 343 | M52: 343
A53: Итого прямые затраты по разделу в ценах 2001г. | K53: 18937 | L53: 1534 | M53: 17403 | N53: 2174 | P53: 130.07
A54: Итого прямые затраты по разделу с учетом коэффициентов к итогам | K54: 19098 | L54: 1601 | M54: 17497 | N54: 2268 | P54: 130.07
A55: В том числе, справочно:
A56: Районный к-т 4,34% (Поз. 1-20) | K56: 161 | L56: 67 | M56: 94 | N56: 94
A57: Накладные расходы | K57: 3095
A58: Сметная прибыль | K58: 1741
A59: Итого по разделу 1 Валка леса | K59: 23934 | P59: 130.07
A60: Раздел 2. Замена илистого грунта в основании габионных конструкций
A61: 26 | B61: ТЕР01-01-013-14 | C61: Разработка грунта с погрузкой на автомобили-самосвалы экскаваторами с ковшом вместимостью 0,5 (0,5-0,63) м3, группа грунтов 2 НР (45 руб.): 95% от ФОТ СП (24 руб.): 50% от ФОТ | D61: 1000 м3 грунта | E61: 0,0522 52,2/1000 | F61: 5705.72 | G61: 165.73 | H61: 5534.89 | I61: 694.87 | K61: 298 | L61: 9 | M61: 289 | N61: 36 | O61: 15.08 | P61: 0.79
A62: 27 | B62: ФССЦпг03-21-01-010 | C62: Перевозка грузов автомобилями-самосвалами грузоподъемностью 10 т, работающих вне карьера, на расстояние: до 10 км I класс груза (ОП п.1.1.9 Поясной коэффициент: Свердловская область ПЗ=1,1 (ОЗП=1,1; ЭМ=1,1 к расх.; ЗПМ=1,1; МАТ=1,1 к расх.; ТЗ=1,1; ТЗМ=1,1)) НР 0% от ФОТ СП 0% от ФОТ | D62: 1 т груза | E62: 91,35 52,2*1,75 | F62: 12.56 | H62: 12.56 | K62: 1147 | M62: 1147
A63: 28 | B63: ТЕР27-04-001-04 | C63: Устройство подстилающих и выравнивающих слоев оснований из щебня НР (483 руб.): 142% от ФОТ СП (323 руб.): 95% от ФОТ | D63: 100 м3 материала основания (в плотном теле) | E63: 0,522 52,2/100 | F63: 4139.32 | G63: 275.77 | H63: 3829.39 | I63: 349.58 | K63: 2161 | L63: 144 | M63: 1999 | N63: 182 | O63: 24.19 | P63: 12.63
A64: 29 | B64: ТСЦ-408-0007 | C64: Щебень из природного камня для строительных работ марка 1200, фракция 20-40 мм | D64: м3 | E64: 65,772 52,2*1,26 | F64: 130.15 | K64: 8560
A65: Итого прямые затраты по разделу в ценах 2001г. | K65: 12166 | L65: 153 | M65: 3435 | N65: 218 | P65: 13.42
A66: Итого прямые затраты по разделу с учетом коэффициентов к итогам | K66: 12182 | L66: 159 | M66: 3445 | N66: 228 | P66: 13.42
A67: В том числе, справочно:
A68: Районный к-т 4,34% (Поз. 26, 28) | K68: 16 | L68: 7 | M68: 9 | N68: 9
A69: Накладные расходы | K69: 528
A70: Сметная прибыль | K70: 347
A71: Итого по разделу 2 Замена илистого грунта в основании габионных конструкций | K71: 13057 | P71: 13.42
A72: Раздел 3. Временная дорога
A73: 30 | B73: ТЕР01-01-036-02 | C73: Планировка площадей бульдозерами мощностью 79 кВт (108 л.с.) НР (5 руб.): 95% от ФОТ СП (3 руб.): 50% от ФОТ | D73: 1000 м2 спланированной поверхности за 1 проход бульдозера | E73: 1,17 260*4,5/1000 | F73: 26.66 | H73: 26.66 | I73: 4.23 | K73: 31 | M73: 31 | N73: 5
A74: 31 | B74: ТЕР27-04-001-04 | C74: Устройство подстилающих и выравнивающих слоев оснований из из скального грунта толщиной 300 мм НР (3252 руб.): 142% от ФОТ СП (2176 руб.): 95% от ФОТ | D74: 100 м3 материала основания (в плотном теле) | E74: 3,51 260*4,5*0,3/100 | F74: 4139.32 | G74: 275.77 | H74: 3829.39 | I74: 349.58 | K74: 14529 | L74: 968 | M74: 13441 | N74: 1227 | O74: 24.19 | P74: 84.91
A75: 32 | B75: ТСЦ-408-0426 прим. | C75: Скальный грунт | D75: м3 | E75: 442,26 351*1,26 | F75: 119.83 | K75: 52996
A76: 33 | B76: ТЕР27-04-007-01 | C76: Устройство оснований толщиной 15 см из щебня фракции 40-70 мм при укатке каменных материалов с пределом прочности на сжатие до 68,6 МПа (700 кгс/см2) однослойных НР (1781 руб.): 142% от ФОТ СП (1191 руб.): 95% от ФОТ | D76: 1000 м2 основания | E76: 1,17 260*4,5/1000 | F76: 29664.29 | G76: 425.41 | H76: 4316.02 | I76: 601.22 | K76: 34707 | L76: 498 | M76: 5050 | N76: 703 | O76: 36.96 | P76: 43.24
A77: 34 | B77: ТЕР22-01-011-11 прим. | C77: Укладка стальных водопропускных труб диаметром 500 мм НР (354 руб.): 130% от ФОТ СП (242 руб.): 89% от ФОТ | D77: 1 км трубопровода | E77: 0,014 7*2/1000 | F77: 1353780.7 | G77: 14196.07 | H77: 37774.2 | I77: 4358.55 | K77: 18953 | L77: 199 | M77: 529 | N77: 61 | O77: 973 | P77: 13.62
A78: 35 | B78: ТЕР13-03-002-04 | C78: Огрунтовка металлических поверхностей за один раз грунтовкой ГФ-021 НР (18 руб.): 90% от ФОТ СП (14 руб.): 70% от ФОТ | D78: 100 м2 окрашиваемой поверхности | E78: 0,2394 11,97*2/100 | F78: 417.46 | G78: 79.65 | H78: 10.15 | I78: 0.16 | K78: 100 | L78: 19 | M78: 2 | O78: 5.31 | P78: 1.27
A79: Итого прямые затраты по разделу в ценах 2001г. | K79: 121316 | L79: 1684 | M79: 19053 | N79: 1996 | P79: 143.04
A80: Итого прямые затраты по разделу с учетом коэффициентов к итогам | K80: 121477 | L80: 1758 | M80: 19140 | N80: 2083 | P80: 143.04
A81: В том числе, справочно:
A82: Районный к-т 4,34% (Поз. 31-35) | K82: 161 | L82: 73 | M82: 86 | N82: 86
A83: Накладные расходы | K83: 5409
A84: Сметная прибыль | K84: 3626
A85: Итого по разделу 3 Временная дорога | K85: 130512 | P85: 143.04
A86: Раздел 4. Водоотводная канава
A87: 36 | B87: ТЕР01-01-048-02 | C87: Разработка продольных водоотводных и нагорных канав, группа грунтов 2 НР (3652 руб.): 95% от ФОТ СП (1922 руб.): 50% от ФОТ | D87: 1000 м3 грунта | E87: 0.25 | F87: 16834.58 | G87: 14473.25 | H87: 2361.33 | I87: 261.92 | K87: 4209 | L87: 3619 | M87: 590 | N87: 65 | O87: 1205.1 | P87: 301.28
A88: 37 | B88: ТЕР01-01-033-05 | C88: Засыпка траншей и котлованов с перемещением грунта до 5 м бульдозерами мощностью 79 кВт (108 л.с.), группа грунтов 2 НР (18 руб.): 95% от ФОТ СП (10 руб.): 50% от ФОТ | D88: 1000 м3 грунта | E88: 0.25 | F88: 445.76 | H88: 445.76 | I88: 70.73 | K88: 111 | M88: 111 | N88: 18
A89: Итого прямые затраты по разделу в ценах 2001г. | K89: 4320 | L89: 3619 | M89: 701 | N89: 83 | P89: 301.28
A90: Итого прямые затраты по разделу с учетом коэффициентов к итогам | K90: 4481 | L90: 3776 | M90: 705 | N90: 87 | P90: 301.28
A91: В том числе, справочно:
A92: Районный к-т 4,34% (Поз. 36-37) | K92: 161 | L92: 157 | M92: 4 | N92: 4
A93: Накладные расходы | K93: 3670
A94: Сметная прибыль | K94: 1932
A95: Итого по разделу 4 Водоотводная канава | K95: 10083 | P95: 301.28
A96: Раздел 5. Монтаж габионных конструкций
A97: 38 | B97: ТЕР30-08-048-01 | C97: Укрепление поверхности матрацами «Рено» 1 843,45 = 2 920,92 - 1,39 x 280,00 - 2,19 x 138,70 - 3,15 x 122,07 НР (18285 руб.): 110% от ФОТ СП (13298 руб.): 80% от ФОТ | D97: 10 м2 поверхности | E97: 16,8 ((6*2*5)+(27*2)+(27*2))/10 | F97: 1843.45 | G97: 920.3 | H97: 238.2 | I97: 28.04 | K97: 30970 | L97: 15461 | M97: 4002 | N97: 471 | O97: 74.7 | P97: 1254.96
A98: 39 | B98: ТСЦ-101-0792 | C98: Полотно иглопробивное для дорожного строительства «Дорнит-2» | D98: 10 м2 | E98: 32.4 | F98: 280 | K98: 9072
A99: 40 | B99: ТСЦ-408-0011 | C99: Щебень из природного камня для строительных работ марка 1000, фракция 20-40 мм | D99: м3 | E99: 33 | F99: 130.15 | K99: 4295
A100: 41 | B100: ТСЦ-408-0012 | C100: Щебень из природного камня для строительных работ марка 1000, фракция 40-70 мм | D100: м3 | E100: 9 | F100: 125.95 | K100: 1134
A101: 42 | B101: ТСЦ-408-0425 | C101: Щебень из природного камня для строительных работ марка 1000, фракции 70-120 мм | D101: м3 | E101: 78.62 | F101: 122.07 | K101: 9597
A102: 43 | B102: ТСЦ-101-0814 | C102: Проволока стальная низкоуглеродистая разного назначения оцинкованная диаметром 6,0-6,3 мм | D102: т | E102: 0,260184 260,184/1000 | F102: 8300.25 | K102: 2160
A103: Итого прямые затраты по разделу в ценах 2001г. | K103: 57228 | L103: 15461 | M103: 4002 | N103: 471 | P103: 1254.96
A104: Итого прямые затраты по разделу с учетом коэффициентов к итогам | K104: 57919 | L104: 16132 | M104: 4022 | N104: 491 | P104: 1254.96
A105: В том числе, справочно:
A106: Районный к-т 4,34% (Поз. 38-39, 43) | K106: 691 | L106: 671 | M106: 20 | N106: 20
A107: Накладные расходы | K107: 18285
...

Sheet Расчет
A1: Расчет начальной (максимальной) цены
A2: на строительно-монтажные работы по объекту "Инженерно-техническое обустройство заболоченного участка для очистки сточных вод выпуска В-10б и пойменного участка ручья Мельничного."
A4: Наименование глав ССР, объектный сметных расчетов, локальных сметных расчетов, видов прочих работ | B4: Сметная стоимость строительства в базисном уровне цен на 01.01.2000г. по ССР | F4: Остаток сметной стоимости в базисном уровне цен на дату проведения процедуры закупки | J4: Сметная стоимость строительства в базисном уровне цен на 01.01.2000г., выставленная на конкурс | N4: Текущая стоимость на момент определения начальной (максимальной) цены | O4: № обосновывающего расчета | P4: 2015 год
B5: СМР | C5: Оборудование | D5: Прочие | E5: Всего | F5: СМР | G5: Оборудование | H5: Прочие | I5: Всего | J5: СМР | K5: Оборудование | L5: Прочие | M5: Всего | P5: СМР | Q5: Оборудование | R5: Прочие
A6: 1 | B6: 2 | C6: 3 | D6: 4 | E6: 5 | F6: 6 | G6: 7 | H6: 8 | I6: 9 | J6: 11 | K6: 12 | L6: 13 | N6: 14 | O6: 15 | P6: 16 | Q6: 17 | R6: 18
A7: Глава 9. Прочие работы и затраты
A8: Строительно-монтажные работы. "Инженерно-техническое обустройство заболоченного участка для очистки сточных вод выпуска В-10б и пойменного участка ручья Мельничного." | B8: ='7134'!K141 -> 293063 | C8: 0 | D8: 0 | E8: =SUM(B8:D8) -> 293063 | F8: =B8 -> 293063 | G8: =C8 -> 0 | H8: =D8 -> 0 | I8: =SUM(F8:H8) -> 293063 | J8: =P8 -> 293063 | K8: =Q8 -> 0 | L8: =R8 -> 0 | M8: =SUM(J8:L8) -> 293063 | N8: =ROUND(P8*5.74,0) -> 1682182 | O8: 7134 (взамен сметы № 6993) | P8: =F8 -> 293063 | Q8: =G8 -> 0 | R8: =H8 -> 0
A9: в том числе:
A10: Раздел 1. Валка леса | B10: ='7134'!K128 -> 23934 | C10: 0 | D10: 0 | E10: =SUM(B10:D10) -> 23934 | F10: =B10 -> 23934 | G10: =C10 -> 0 | H10: =D10 -> 0 | I10: =SUM(F10:H10) -> 23934 | J10: =P10 -> 23934 | K10: =Q10 -> 0 | L10: =R10 -> 0 | M10: =SUM(J10:L10) -> 23934 | N10: =ROUND(P10*5.74,0) -> 137381 | P10: =F10 -> 23934 | Q10: =G10 -> 0 | R10: =H10 -> 0
A11: Раздел 2. Замена илистого грунта в основании габионных конструкций | B11: ='7134'!K129 -> 13057 | C11: 0 | D11: 0 | E11: =SUM(B11:D11) -> 13057 | F11: =B11 -> 13057 | G11: =C11 -> 0 | H11: =D11 -> 0 | I11: =SUM(F11:H11) -> 13057 | J11: =P11 -> 13057 | K11: =Q11 -> 0 | L11: =R11 -> 0 | M11: =SUM(J11:L11) -> 13057 | N11: =ROUND(P11*5.74,0) -> 74947 | P11: =F11 -> 13057 | Q11: =G11 -> 0 | R11: =H11 -> 0
A12: Раздел 3. Временная дорога | B12: ='7134'!K130 -> 130512 | C12: 0 | D12: 0 | E12: =SUM(B12:D12) -> 130512 | F12: =B12 -> 130512 | G12: =C12 -> 0 | H12: =D12 -> 0 | I12: =SUM(F12:H12) -> 130512 | J12: =P12 -> 130512 | K12: =Q12 -> 0 | L12: =R12 -> 0 | M12: =SUM(J12:L12) -> 130512 | N12: =ROUND(P12*5.74,0) -> 749139 | P12: =F12 -> 130512 | Q12: =G12 -> 0 | R12: =H12 -> 0
A13: Раздел 4. Водоотводная канава | B13: ='7134'!K131 -> 10083 | C13: 0 | D13: 0 | E13: =SUM(B13:D13) -> 10083 | F13: =B13 -> 10083 | G13: =C13 -> 0 | H13: =D13 -> 0 | I13: =SUM(F13:H13) -> 10083 | J13: =P13 -> 10083 | K13: =Q13 -> 0 | L13: =R13 -> 0 | M13: =SUM(J13:L13) -> 10083 | N13: =ROUND(P13*5.74,0) -> 57876 | P13: =F13 -> 10083 | Q13: =G13 -> 0 | R13: =H13 -> 0
A14: Раздел 5. Монтаж габионных конструкций | B14: ='7134'!K132 -> 89502 | C14: 0 | D14: 0 | E14: =SUM(B14:D14) -> 89502 | F14: =B14 -> 89502 | G14: =C14 -> 0 | H14: =D14 -> 0 | I14: =SUM(F14:H14) -> 89502 | J14: =P14 -> 89502 | K14: =Q14 -> 0 | L14: =R14 -> 0 | M14: =SUM(J14:L14) -> 89502 | N14: =ROUND(P14*5.74,0)+1 -> 513742 | P14: =F14 -> 89502 | Q14: =G14 -> 0 | R14: =H14 -> 0
A15: Раздел 6. Засыпка русла ручья | B15: ='7134'!K133 -> 25975 | C15: 0 | D15: 0 | E15: =SUM(B15:D15) -> 25975 | F15: =B15 -> 25975 | G15: =C15 -> 0 | H15: =D15 -> 0 | I15: =SUM(F15:H15) -> 25975 | J15: =P15 -> 25975 | K15: =Q15 -> 0 | L15: =R15 -> 0 | M15: =SUM(J15:L15) -> 25975 | N15: =ROUND(P15*5.74,0) -> 149097 | P15: =F15 -> 25975 | Q15: =G15 -> 0 | R15: =H15 -> 0
A16: Итого по ЛСР в ценах 2000 года: | B16: =SUM(B10:B15) -> 293063 | C16: =SUM(C10:C15) -> 0 | D16: =SUM(D10:D15) -> 0 | E16: =SUM(E10:E15) -> 293063 | F16: =SUM(F10:F15) -> 293063 | G16: =SUM(G10:G15) -> 0 | H16: =SUM(H10:H15) -> 0 | I16: =SUM(I10:I15) -> 293063 | ... N16: =SUM(N10:N15) -> 1682182 | P16: =SUM(P10:P15) -> 293063 | Q16: =SUM(Q10:Q15) -> 0 | R16: =SUM(R10:R15) -> 0
A17: Итого в текущих ценах*: | N17: =SUM(P17:R17) -> 1682182 | P17: =ROUND(P16*5.74,0) -> 1682182 | Q17: =ROUND(Q16*4.03,0) -> 0 | R17: =ROUND(R16*10.05,0) -> 0
A18: НДС 18% | N18: =SUM(P18:R18) -> 302792.76 | P18: =ROUND(P17*18%,2) -> 302792.76 | Q18: =ROUND(Q17*18%,2) -> 0 | R18: =ROUND(R17*18%,2) -> 0
A19: Всего с НДС: | N19: =N17+N18 -> 1984974.8 | P19: =P17+P18 -> 1984974.8 | Q19: =Q17+Q18 -> 0 | R19: =R17+R18 -> 0
A21: * В расчете использованы индексы:
A22: - 5,74 индекс изменения сметной стоимости СМР к ТЕР 2001 (письмо Минстроя России от 06.02.2015г. № 3004-АС/08 приложение 1, прочие объекты)
A24: Начальник отдела капитального строительства ФГУП "Комбинат "Электрохимприбор"
A26: Инженер по проектно-сметной работе
A28: Согласовано

Sheet НМЦ
A2: Определение начальной (максимальной) цены договора генерального подряда
A3: =Расчет!A2 -> на строительно-монтажные работы по объекту "Инженерно-техническое обустройство заболоченного участка для очистки сточных вод выпуска В-10б и пойменного участка ручья Мельничного."
A4: на 2015 год
A6: Способ закупки: запрос предложений
G7: ц.2000г./текущие цены, руб.
A8: Наименование услуг и работ (затрат) | C8: Сметная стоимость строительства в базисном уровне цен на 01.01.2000 г. | D8: Сметная стоимость строительства в текущем уровне цен, пересчитанная на момент проведения процедуры закупки | F8: Начальная (максимальная) цена | G8: в том числе по годам строительства
G11: 2015 г.
A15: 1 | C15: 2 | D15: 3 | F15: 4 | G15: 5
A16: СМР | C16: =Расчет!M16 -> 293063 | D16: =Расчет!N17 -> 1682182 | F16: =D16 -> 1682182 | G16: =Расчет!P17 -> 1682182
A17: Оборудование | C17: =Расчет!K16 -> 0 | D17: =Расчет!Q17 -> 0 | F17: =D17 -> 0 | G17: =Расчет!Q17 -> 0
A18: Прочие затраты | C18: =Расчет!K17 -> 0 | D18: =Расчет!R17 -> 0 | F18: =D18 -> 0 | G18: =Расчет!R17 -> 0
A19: Всего: | C19: =SUM(C16:C18) -> 293063 | D19: =SUM(D16:E18) -> 1682182 | F19: =G19 -> 1682182 | G19: =SUM(G16:G18) -> 1682182
A20: НДС | D20: =ROUND(D19*18%,2) -> 302792.76 | F20: =D20 -> 302792.76 | G20: =Расчет!P18 -> 302792.76
A21: Итого с НДС: | D21: =D19+D20 -> 1984974.8 | F21: =F19+F20 -> 1984974.8 | G21: =G19+G20 -> 1984974.8
A23: * В расчете использованы индексы:
A24: =Расчет!A22:L22 -> - 5,74 индекс изменения сметной стоимости СМР к ТЕР 2001 (письмо Минстроя России от 06.02.2015г. № 3004-АС/08 приложение 1, прочие объекты)
A27: Начальник отдела капитального строительства ФГУП "Комбинат "Электрохимприбор"
A30: Инженер по проектно-сметной работе
A32: Согласовано | G32: отд. 028
